AoeStats
← Snobyman

Black Forest

509048645Analyzed
4v4 RM · 8d ago on Sep 25, 2026· 87m 11s· 8 players
Game mode
Random Map
Map size
Large (8 player)
Population
200
Speed
Normal
Resources
Standard
Victory
Conquest
Starting age
Dark Age
Ending age
Imperial Age
RankedLock teamsTeams togetherTeam positionsShared explorationLock speedFull tech treeHidden civsTurbo modeCheats
Victory
Defeat
🇷🇴 Saxons · Romania
518
+18
🇺🇸 Maya · United States
509
+19
🇧🇷 Slavs · Brazil
509
+19
🇲🇽 Portuguese · Mexico
434
+21
🇮🇳 Jurchens · India
657
-23
🇨🇳 Wu · China
604
-21
🇲🇽 Spanish · Mexico
588
-20
🇦🇺 Khmer · Australia
403
-13
Djgama17
0:46 Loom
13:27 Feudal Age
14:45 Wheelbarrow
13:57 Town Watch
14:03 Double-Bit Axe
14:06 Horse Collar
18:46 Stone Mining
18:46 Gold Mining
22:18 Castle Age
22:15 Scale Mail Armor
22:25 Forging
22:15 Padded Archer Armor
22:05 Fletching
22:32 Scale Barding Armor
23:28 Bow Saw
24:29 Heavy Plow
31:22 Hand Cart
36:08 Imperial Age
33:21 Treadmill Crane
34:48 Iron Casting
34:34 Chain Mail Armor
34:39 Chain Barding Armor
34:35 Leather Archer Armor
34:15 Bodkin Arrow
34:18 Murder Holes
34:33 Fortified Wall
34:55 Leather Archer Armor
34:35 Bodkin Arrow
34:55 Fortified Wall
35:57 Gold Shaft Mining
34:49 Clerical Recruitment
36:09 Coinage
35:39 Caravan
35:58 Pikeman
36:39 Squires
36:24 Arson
36:00 Man-at-Arms
37:51 Banking
37:21 Caravan
38:58 Plate Mail Armor
38:29 Bracer
38:59 Ring Archer Armor
38:34 Gambesons
39:40 Crop Rotation
39:33 Guilds
40:47 Two-Man Saw
40:06 Elite Skirmisher
41:06 Elite Varangian Guard
42:27 Ballistics
42:23 Heavy Mounted Crossbowman
43:09 Halberdier
45:44 Shield Wall
46:52 Long Swordsman
46:58 Cranequins
47:43 Thumb Ring
46:59 Crossbowman
48:52 Chemistry
48:04 Masonry
48:36 Two-Handed Swordsman
58:50 Champion
62:41 Elite Hearth Troop
62:52 Sappers
63:42 Conscription
63:57 Hoardings
77:19 Arbalester
salama20
0:35 Loom
10:33 Feudal Age
11:12 Double-Bit Axe
13:29 Wheelbarrow
14:34 Town Watch
15:02 Forging
17:13 Scale Mail Armor
19:42 Horse Collar
23:12 Castle Age
22:20 Gold Mining
22:25 Stone Mining
25:32 Bow Saw
25:43 Chain Mail Armor
26:49 Eagle Warrior
27:15 Arson
27:31 Squires
27:30 Treadmill Crane
28:29 Iron Casting
28:51 Heavy Plow
30:38 Hul'che Javelineers
32:34 Heated Shot
32:50 Padded Archer Armor
34:14 Coinage
34:28 Fletching
35:02 Masonry
36:03 Thumb Ring
40:50 Imperial Age
42:51 Holcans
43:36 Two-Man Saw
43:49 Elite Eagle Warrior
47:40 Plate Mail Armor
48:31 Blast Furnace
49:38 Hand Cart
51:51 Stone Shaft Mining
53:51 Elite Plumed Archer
58:28 Town Patrol
68:11 Caravan
68:26 Guilds
68:47 Banking
Goku18996640
1:09 Loom
13:08 Feudal Age
15:13 Wheelbarrow
16:24 Double-Bit Axe
23:48 Castle Age
25:55 Coinage
26:17 Bow Saw
25:51 Horse Collar
27:00 Caravan
26:27 Pikeman
28:16 Hand Cart
27:47 Town Watch
29:17 Town Patrol
31:55 Ballistics
32:28 Stone Mining
32:29 Gold Mining
33:18 Forging
37:09 Imperial Age
35:05 Murder Holes
35:02 Guard Tower
38:26 Elite Organ Gun
41:03 Halberdier
47:00 Iron Casting
46:15 Fletching
46:29 Cavalier
47:14 Husbandry
47:01 Arson
55:41 Capped Ram
CoWarDly DoG
0:28 Loom
15:25 Feudal Age
17:33 Double-Bit Axe
19:38 Horse Collar
19:52 Stone Mining
19:54 Gold Mining
27:56 Castle Age
28:43 Heavy Plow
36:32 Imperial Age
36:28 Caravan
38:06 Bow Saw
39:59 Chemistry
41:00 Crop Rotation
41:12 Wheelbarrow
41:48 Conscription
40:57 Elite Boyar
44:57 Heavy Scorpion
54:05 Forging
54:01 Scale Barding Armor
Azzdert NGG
7:01 Loom
14:11 Feudal Age
14:49 Double-Bit Axe
14:46 Horse Collar
20:07 Castle Age
20:00 Wheelbarrow
21:06 Heavy Plow
21:44 Bow Saw
21:53 Stone Mining
26:40 Stone Shaft Mining
28:16 Hand Cart
28:05 Town Watch
28:13 Gold Mining
28:36 Forging
28:26 Scale Mail Armor
28:32 Scale Barding Armor
28:20 Fletching
29:16 Caravan
29:46 Coinage
30:17 Iron Casting
30:32 Pikeman
31:12 Squires
31:52 Coinage
31:15 Arson
33:18 Chain Mail Armor
33:23 Chain Barding Armor
33:06 Padded Archer Armor
34:13 Bodkin Arrow
35:35 Town Patrol
38:31 Imperial Age
39:00 Leather Archer Armor
39:10 Masonry
38:49 Cavalier
39:30 Husbandry
40:07 Elite Conquistador
41:22 Banking
41:02 Guilds
43:29 Paladin
46:44 Hoardings
53:46 Halberdier
56:02 Blast Furnace
55:32 Plate Mail Armor
55:37 Plate Barding Armor
55:03 Bracer
55:34 Ring Archer Armor
Snobyman
0:56 Loom
17:15 Feudal Age
20:10 Castle Age
18:13 Double-Bit Axe
18:33 Horse Collar
19:07 Gold Mining
19:19 Stone Mining
21:46 Wheelbarrow
21:54 Bow Saw
23:07 Hand Cart
24:12 Stone Shaft Mining
25:00 Gold Shaft Mining
35:55 Imperial Age
37:32 Caravan
38:03 Coinage
38:58 Heavy Plow
42:03 Tusk Swords
41:24 Elite Ballista Elephant
42:04 Double Crossbow
43:59 Chemistry
42:49 Heated Shot
43:20 Ballistics
43:12 Masonry
43:08 Siege Engineers
47:22 Hoardings
46:18 Sappers
49:32 Scale Barding Armor
49:27 Scale Mail Armor
49:38 Forging
49:29 Padded Archer Armor
49:19 Fletching
50:02 Architecture
49:28 Murder Holes
49:24 Guard Tower
49:45 Fortified Wall
50:33 Onager
57:36 Conscription
58:02 Keep
58:06 Iron Casting
57:47 Chain Mail Armor
64:37 Conscription
67:17 Banking
74:33 Chain Barding Armor
74:29 Chain Mail Armor
75:14 Blast Furnace
CCxK3
1:44 Loom
12:42 Feudal Age
16:37 Double-Bit Axe
21:39 Gold Mining
21:45 Stone Mining
21:43 Horse Collar
25:11 Castle Age
26:44 Gold Shaft Mining
26:48 Stone Shaft Mining
27:12 Town Watch
27:36 Heavy Plow
30:07 Caravan
31:13 Wheelbarrow
36:42 Hand Cart
36:38 Red Cliffs Tactics
37:45 Fletching
37:56 Padded Archer Armor
38:09 Forging
40:39 Hand Cart
44:34 Imperial Age
46:54 Bodkin Arrow
47:33 Ballistics
51:18 Town Patrol
51:26 Elite Fire Archer
52:28 Conscription
53:06 Bow Saw
53:12 Bracer
53:28 Leather Archer Armor
FluxyAshYT
1:12 Loom
13:35 Feudal Age
18:43 Castle Age
17:26 Double-Bit Axe
20:20 Horse Collar
20:37 Stone Mining
20:37 Gold Mining
20:43 Gold Mining
28:13 Gold Shaft Mining
31:43 Imperial Age
29:30 Fletching
29:40 Padded Archer Armor
30:05 Bow Saw
30:54 Wheelbarrow
30:19 Town Watch
30:21 Pikeman
31:46 Caravan
32:17 Heavy Plow
32:35 Forging
34:50 Chemistry
33:35 Treadmill Crane
34:56 Chemistry
35:49 Thunderclap Bombs
36:56 Ballistics
37:54 Elite Iron Pagoda
40:09 Scale Barding Armor
40:39 Iron Casting
40:00 Bodkin Arrow
40:20 Leather Archer Armor
Connection lost

Rejoining the realm…

Still unreachable

The connection could not be restored.

Session expired

The server has moved on; the page needs a fresh start.